 Dungeon Crawl Stone Soup version 0.24.0-13-gcf9b319 (webtiles) character file.

Game seed: 5474276035217661491, levelgen mode: deterministic

68 Fortress the Insei (level 4, -1/28 HPs)
             Began as an Octopode Transmuter on Jan 7, 2020.
             Shot with a stone by a goblin (3 damage)
             ... on level 3 of the Dungeon.
             The game lasted 00:06:51 (1468 turns).

Fortress the Insei (Octopode Transmuter)            Turns: 1468, Time: 00:06:52

Health: -1/28      AC:  1    Str:  9    XL:     4   Next: 19%
Magic:  15/16      EV: 13    Int: 16    God:
Gold:   95         SH:  0    Dex: 15    Spells: 6/7 levels left

rFire    . . .     SeeInvis .     - Unarmed
rCold    . . .     Gourm    .   (no shield)
rNeg     . . .     Faith    .   (helmet restricted)
rPois    .         Spirit   .   (no amulet)
rElec    .         Reflect  .   d - ring of magical power
rCorr    .         Harm     .   m - +3 ring of dexterity
MR       .....                  (no ring)
Stlth    +++.......             (no ring)
HPRegen  0.09/turn              (no ring)
MPRegen  0.15/turn              (no ring)
                                (no ring)
                                (no ring)

@: appendage, lightly drained
A: almost no armour, stealthy swim, amphibious, 8 rings, constrict 8, tentacle
spike 3, camouflage 1, gelatinous body 1
a: End Transformation


You were on level 3 of the Dungeon.
You were hungry.
One of your tentacles had a temporary spike.
You visited 1 branch of the dungeon, and saw 3 of its levels.

You collected 95 gold pieces.

Inventory:

Hand Weapons
 k - a +1 mace of protection
Missiles
 a - 12 arrows
 b - 5 curare-tipped darts (quivered)
 f - 11 poisoned darts
Jewellery
 d - a ring of magical power (left tentacle)
 m - a +3 ring of dexterity (right tentacle)
Scrolls
 g - 2 scrolls of amnesia {unknown}
 i - a scroll of immolation {unknown}
 j - 2 scrolls of identify {unknown}
 l - a scroll of remove curse {unknown}
 o - a scroll of fog {unknown}
Potions
 h - a potion of magic {unknown}
 n - a potion of agility {unknown}
 q - a potion of brilliance {unknown}
Comestibles
 c - 5 rations


   Skills:
 + Level 1.2(0.8) Fighting
 - Level 2.0(1.5) Dodging
 + Level 1.8(1.4) Stealth
 + Level 4.5(4.1) Unarmed Combat
 - Level 2.0(1.5) Spellcasting
 - Level 2.0(1.5) Transmutations


You had 6 spell levels left.
You knew the following spells:

 Your Spells              Type           Power        Failure   Level  Hunger
a - Beastly Appendage     Tmut           #.....       12%         1    ##.....

Your spell library contained the following spells:

 Spells                   Type           Power        Failure   Level  Hunger
 Sticks to Snakes         Tmut           #.......     17%         2    ###....
 Spider Form              Tmut/Pois      #.........   43%         3    ####...
 Ice Form                 Ice/Tmut       #.......     83%         4    #####..
 Blade Hands              Tmut           #.........   97%         5    ######.


Dungeon Overview and Level Annotations

Branches:
Dungeon (3/15)

Altars:
Kikubaaqudgha
Sif Muna


Innate Abilities, Weirdness & Mutations

You cannot wear most types of armour.
You are very stealthy in the water. (Stealth+)
You are amphibious.
You can wear up to eight rings at the same time.
You can use your tentacles to constrict eight enemies at once.
Your skin changes colour to match your surroundings (Stealth+).
Your rubbery body absorbs attacks. (AC +1, EV +1)
One of your tentacles bears a large vicious spike.


Message History

The orc is heavily wounded.
Your tentacle spike disappears.
You constrict the orc. The orc closely misses you.
You tentacle-slap the orc.
You kill the orc!
A goblin comes into view. It is wielding a +0 dagger.
Casting: Beastly Appendage (safe; 12% risk of failure)
Confirm with . or Enter, or press ? or * to list all spells.
One of your tentacles grows a vicious spike.
The goblin shouts!
The goblin unwields a +0 dagger.
The goblin wields a +2 hunting sling of flaming.
It bursts into flame!
The goblin shoots a stone.
The stone barely misses you.
A giant cockroach comes into view.
The goblin shoots a stone.
The stone hits you!
* * * LOW HITPOINT WARNING * * *
The stone burns you.
* * * LOW HITPOINT WARNING * * *
The goblin shoots a stone.
The stone hits you.
You die...

.. $. g .. #.#. #..
#.#. ....#. #...###
...... #..)..#
#.....#.
#..#.####.......
#..@w.##.......
#...##........# .
......##...s.....##..
.........#......#....
...#....#............
..#w...#......[......
. #.##.#.....))......
#. #........<......
#.#.............


You could see a worm, a dart slug (wandering), a giant cockroach (wandering) and
a goblin.

Vanquished Creatures
  2 adders (D:2)
  A dart slug (D:1)
  3 leopard geckos
  4 orcs (D:3)
  5 bats
  2 giant cockroaches
  5 goblins
  5 hobgoblins
  2 jackals (D:1)
  2 frilled lizards
  3 kobolds
  A quokka skeleton (D:3)
  4 rats
39 creatures vanquished.

Notes
Turn   | Place    | Note
-------+----------+-------------------------------------------
     0 | D:1      | Fortress the Octopode Transmuter began the quest for the
                  | Orb.
     0 | D:1      | Reached XP level 1. HP: 13/13 MP: 3/3
    68 | D:1      | Reached XP level 2. HP: 2/18 MP: 3/5
   450 | D:1      | Reached skill level 1 in Stealth
   749 | D:2      | Reached skill level 4 in Unarmed Combat
   749 | D:2      | Reached XP level 3. HP: 23/23 MP: 6/6
  1059 | D:2      | Found a shimmering blue altar of Sif Muna.
  1059 | D:2      | Found an ancient bone altar of Kikubaaqudgha.
  1234 | D:2      | Reached XP level 4. HP: 20/28 MP: 7/7
  1468 | D:3      | Shot with a stone by a goblin

Levels and vault maps discovered:
D:1:      minmay_arrival_four_circles, layout_rooms
D:2:      layout_rooms, chequers_temple_overflow_statue_of_worship
D:3:      layout_rooms, first_ration, uniq_natasha

Skill      XL: |  1  2 |
---------------+-------+-----
Stealth        | 1 |  1.8
Unarmed Combat | 4 |  4.5
Fighting       | |  1.2
Dodging        | |  2.0
Spellcasting   | |  2.0
Transmutations | |  2.0

Action                   |  1- 3 |  4- 6 || total
-------------------------+-------+-------++-------
Melee: Unarmed           |    68 |    12 ||    80
       Constrict         |    23 |     5 ||    28
       Tentacles         |    11 |     2 ||    13
       Kick              |     1 |     3 ||     4
       Punch             |     1 |     3 ||     4
 Cast: Beastly Appendage |     2 |     2 ||     4
  Use: Potion            |       |     1 ||     1
 Stab: Sleeping          |     2 |       ||     2
  Eat: Chunk             |     1 |       ||     1
Armor: Skin              |     4 |     1 ||     5
Dodge: Dodged            |    37 |    12 ||    49
